 Dungeon Crawl Stone Soup version 0.29-a0-414-g5075937ec3 (webtiles) character file.

Game seed: 13546157557675059273

431 Bruhh the Magician (level 7, 0/45 HPs)
             Began as a Djinni Ice Elementalist on May 15, 2022.
             Slain by an orc wizard
             ... wielding a +1 dagger of venom
              (4 damage)
             ... on level 3 of the Dungeon.
             The game lasted 00:09:01 (5204 turns).

Bruhh the Magician (Djinni Ice Elementalist)        Turns: 5204, Time: 00:09:02

Health: 0/45       AC:  2    Str:  7    XL:     7   Next: 19%
Gold:   179        EV: 12    Int: 18    God:
                   SH:  0    Dex: 14

rFire   + + .      SeeInvis .   j - +1 halberd (vorpal)
rCold   x . .      Faith    .   (shield currently unavailable)
rNeg    . . .      Spirit   .   a - +0 robe
rPois   ∞          Reflect  .   (no helmet)
rElec   .          Harm     .   k - scarf {+Inv}
rCorr   .          Rampage  .   (no gloves)
Will    .....                   (boots unavailable)
Stlth   ++........              (no amulet)
HPRegen 0.15/turn               (no ring)
MPRegen 0.00/turn               (no ring)

@: flying
A: sickness immunity, fire resistance 2, cold vulnerability 1, float, innate
caster, HP casting, extra vitality 1
a: Evoke Invisibility


You were on level 3 of the Dungeon.
You visited 1 branch of the dungeon, and saw 3 of its levels.

You collected 179 gold pieces.

Inventory:

Hand Weapons
 j - a +1 vorpal halberd (weapon)
Armour
 a - a +0 robe (worn)
 k - a scarf of invisibility (worn)
Jewellery
 b - an amulet of regeneration
Scrolls
 f - 2 scrolls of teleportation {unknown}
 h - a scroll of magic mapping {unknown}
 i - a scroll of enchant armour {unknown}
 l - a scroll of blinking {unknown}
Potions
 c - a potion of attraction {unknown}
 d - a potion of degeneration {unknown}
 e - a potion of heal wounds
 g - a potion of curing
 m - a potion of haste {unknown}


   Skills:
 - Level 2.1 Dodging
 - Level 1.5 Stealth
 + Level 6.3 Spellcasting


You had one spell level left.
You knew the following spells:

 Your Spells              Type           Power      Damage    Failure   Level
a - Freeze                Ice            100%       1d11      1%          1
b - Frozen Ramparts       Ice            56%        1d7       2%          3
c - Ozocubu's Armour      Ice            28%        N/A       2%          3
d - Hailstorm             Conj/Ice       28%        3d8       9%          4
e - Slow                  Hex            100%       N/A       1%          1
f - Ensorcelled Hibernat  Hex/Ice        56%        N/A       1%          2
g - Lesser Beckoning      Tloc           28%        N/A       2%          3
Your spell library was empty.

Dungeon Overview and Level Annotations

Branches:
Dungeon (3/15)

Altars:
Hepliaklqana
Vehumet

Shops:
D:3 !


Innate Abilities, Weirdness & Mutations

You are immune to sickness and miasma.
You are immune to poison.
Your flesh is very heat resistant. (rF++)
You are vulnerable to cold. (rC-)
You float through the air rather than walking.
You learn spells naturally, not from books.
Your magical power is your life essence.
You have superior vitality. (+4 MHP)


Message History

A puff of flame appears from out of thin air!
The puff of flame misses you.
You hit the orc.
The orc is moderately wounded.
The orc closely misses you. The orc barely misses you.
You closely miss the orc.
The orc is moderately wounded.
You hear some strange, mumbled words.
A puff of flame appears from out of thin air!
The puff of flame hits you. You resist. The orc closely misses you.
You hit the orc but do no damage.
The orc is moderately wounded.
The orc misses you. The orc hits you with a +0 club.
You completely miss the orc.
The orc is moderately wounded.
The orc hits you with a +0 club.
You hit the orc.
You kill the orc!
No target in view!
Something hits you but does no damage.
You miss something.
You hear some strange, mumbled words.
A magic dart appears from out of thin air!
The magic dart hits you.
You closely miss something. Something hits you. x2
You barely miss something. Something hits you.
You barely miss something. Something hits you but does no damage.
Something hits you.
You closely miss something. Something hits you.
* * * LOW HITPOINT WARNING * * *
You closely miss something. Something hits you.
* * * LOW HITPOINT WARNING * * *
Something hits you.
* * * LOW HITPOINT WARNING * * *
You closely miss something. Something hits you.
* * * LOW HITPOINT WARNING * * *
You closely miss something. Something hits you.
* * * LOW HITPOINT WARNING * * *
Something hits you.
You die...

..##.# #.##...... .....#
#.##.##.# .. ..####
#...(...# ... ..#
#.......######..# ..#
#.##.#.......§... ..#
#....#.≈≈≈≈≈§§≈§. ..#
#..###.≈....§§§≈. ..#
#....#.§)≈≈≈≈≈.≈.
..######......≈)@{..≈.≈.
......##..)...≈)≈._.≈.≈.
..............≈.≈...≈...
......#.......≈..≈≈≈≈.§.
....###)##.##.≈.....^.≈.
#######.##.##.≈≈≈≈≈≈≈≈§.
∩..<..'.##)##..........!
#≈≈#######.#############
....######.#


There were no monsters in sight!

Vanquished Creatures
  Sigmund (D:3)
  A jelly (D:3)
  Natasha (D:3)
  8 gnolls
  6 adders (D:2)
  A dart slug (D:1)
  4 orcs (D:3)
  8 bats
  5 endoplasms (D:1)
  6 giant cockroaches
  6 goblins
  5 hobgoblins
  7 jackals (D:1)
  6 quokkas
  7 ball pythons
  A frilled lizard (D:1)
  4 kobolds
  3 rats
80 creatures vanquished.

Notes
Turn   | Place    | Note
-------+----------+-------------------------------------------
     0 | D:1      | Bruhh the Djinni Ice Elementalist began the quest for the
                  | Orb.
     0 | D:1      | Reached XP level 1. HP: 15/15 MP: 0/0
   429 | D:1      | Reached XP level 2. HP: 3/21 MP: 0/0
  1253 | D:1      | Reached XP level 3. HP: 17/25 MP: 0/0
  1253 | D:1      | Learned a level 1 spell: Slow
  1409 | D:1      | Reached skill level 4 in Spellcasting
  2686 | D:2      | Reached XP level 4. HP: 30/31 MP: 0/0
  2812 | D:2      | Found a faded altar of an unknown god.
  3230 | D:2      | Reached XP level 5. HP: 26/35 MP: 0/0
  3230 | D:2      | Learned a level 2 spell: Ensorcelled Hibernation
  3327 | D:2      | Reached skill level 5 in Spellcasting
  3620 | D:2      | Found a hazy altar of Hepliaklqana.
  4097 | D:3      | Found Puepouno's Distillery.
  4245 | D:3      | Reached XP level 6. HP: 28/40 MP: 0/0
  4672 | D:3      | Noticed Sigmund
  4683 | D:3      | Killed Sigmund
  4684 | D:3      | Reached skill level 6 in Spellcasting
  4684 | D:3      | Reached XP level 7. HP: 30/45 MP: 0/0
  4684 | D:3      | Learned a level 3 spell: Lesser Beckoning
  4854 | D:3      | Found a hazy altar of Hepliaklqana.
  4941 | D:3      | Noticed Natasha
  5184 | D:3      | Killed Natasha
  5204 | D:3      | Slain by an orc wizard

Illustrated notes

Levels and vault maps discovered:
D:1:      tarquinn_simple_flora_water_b, layout_basic, minmay_tromino_v4_c
D:2:      layout_basic, nicolae_ecumenical_snake_handling, basic_altar
D:3:      layout_loops_cross, worldfamousw_hep_ancestral_shrine,
          mainiacjoe_overflow_concentric_impassable, serial_shops,
          nicolae_shop_hallway_stairs, uniq_sigmund, uniq_natasha

Skill      XL: |  1  2  3  4  5  6 |
---------------+-------------------+-----
Spellcasting   | 4 5 6 |  6.3
Dodging        | |  2.1
Stealth        | |  1.5

Action                   |  1- 3 |  4- 6 |  7- 9 || total
-------------------------+-------+-------+-------++-------
Melee: Unarmed           |    13 |    18 |       ||    31
       Halberd           |       |    14 |    21 ||    35
 Cast: Freeze            |    45 |    43 |     5 ||    93
       Frozen Ramparts   |     1 |     5 |       ||     6
       Ozocubu's Armour  |     1 |     3 |       ||     4
       Hailstorm         |       |     2 |     2 ||     4
  Use: Potion            |       |     3 |       ||     3
 Stab: Sleeping          |     1 |     3 |       ||     4
Armor: Robe              |    13 |    18 |     5 ||    36
Dodge: Dodged            |    36 |    69 |    19 ||   124

Table legend: (Time is in decaauts)
 A = Elapsed time spent in this place.
 B = Non-inter-level travel time spent in this place.
 C = Inter-level travel time spent in this place.
 D = Time resting spent in this place.
 E = Time spent auto-exploring this place.
 F = Levels seen in this place.
 G = Mean time per level.
                   A        B        C        D        E       F      G
               +--------+--------+--------+--------+--------+-----+--------+
         Total |   5219 |   5108 |    111 |      0 |   4546 |   3 | 1739.7 |
       Dungeon |   5219 |   5108 |    111 |      0 |   4546 |   3 | 1739.7 |
               +--------+--------+--------+--------+--------+-----+--------+

Top non-repeatable levels by time:
     D:1: 2459 daAuts
     D:2: 1606 daAuts
     D:3: 1154 daAuts
